 Dungeon Crawl Stone Soup version 0.30.2 (webtiles) character file.

Game seed: 2425262044733060049

1872420 Midpoint the Peltast (level 27, 246/246 HPs)
             Began as a Minotaur Necromancer on May 9, 2023.
             Was the Champion of Kikubaaqudgha.
             Escaped with the Orb
             ... and 3 runes on Feb 15, 2024!
             The game lasted 10:26:29 (57803 turns).

Midpoint the Peltast (Minotaur Necromancer)        Turns: 57803, Time: 10:26:29

Health: 246/246    AC: 29    Str: 26    XL:     27
Magic:  28/32      EV: 26    Int: 22    God:    Kikubaaqudgha [******]
Gold:   5776       SH: 26    Dex: 20    Spells: 9/40 levels left

rFire   + + .        b - +9 demon whip (pain)
rCold   + . .        h - +5 kite shield of Qazlal's Whim {Str+6}
rNeg    + + +        J - +5 acid dragon scales
rPois   .            t - +2 hat of the Bear Spirit {Spirit, Bear, *Rage Will++}
rElec   +            j - +1 cloak "Uquh" {+Inv rElec Regen+ Str-2}
rCorr   +            H - +2 pair of gloves of Tenacity {Str+6 Stlth+}
SInv    .            q - +2 pair of boots {Fly}
Will    ++++.        B - amulet "Tulusk" {Reflect rF+ rC+ rN+ SH+5}
Stlth   ++           g - ring of the Stained God {Fly rF+ rN+ Int+4}
HPRegen 1.41/turn    o - ring "Weuppuj" {rElec rN+ Dex+6 Slay+2}
MPRegen 0.23/turn

%: random rage (20%), reflection, guardian spirit
@: death channelling, flying, studying Ranged Weapons
A: horns 2, retaliatory headbutt, dopey 1, inability to drink after injury 1
0: Orb of Zot
}: 3/15 runes: serpentine, barnacled, slimy
a: Renounce Religion, Evoke Invisibility, Unearth Wretches, Torment


You escaped.
You worshipped Kikubaaqudgha.
Kikubaaqudgha was exalted by your worship.
You visited 11 branches of the dungeon, and saw 54 of its levels.
You also visited: Sewer, Ossuary, Ice Cave and Volcano.

You collected 10409 gold pieces.
You spent 4633 gold pieces at shops.

Inventory:

Hand Weapons
 b - a +9 demon whip of pain (weapon)
 e - a +5 eveningstar of flaming
Missiles
 r - 12 throwing nets
 S - 7 silver javelins
 X - 29 boomerangs (quivered)
Armour
 h - the +5 kite shield of Qazlal's Whim (worn) {Str+6}
   (You found it on level 1 of the Realm of Zot)

   Str:       It affects your strength (+6).
 j - the +1 cloak "Uquh" (worn) {+Inv rElec Regen+ Str-2}
   (You took it off a draconian monk on level 5 of the Realm of Zot)

   Str:       It affects your strength (-2).
   rElec:     It insulates you from electricity.
   +Inv:      It lets you turn invisible.
   Regen:     It increases your rate of health regeneration.
 q - a +2 pair of boots of flying (worn)
 t - the +2 hat of the Bear Spirit (worn) {Spirit, Bear, *Rage Will++}
   (You acquired it on level 5 of the Lair of Beasts)

   Bear:      Going berserk makes the wearer exceptionally tough, and they are
   slowed for a shorter time afterward.
   *Rage:     It berserks you when you make melee attacks (+20% chance).
   Will:      It greatly increases your willpower.
 D - a +2 cloak of poison resistance
 H - the +2 pair of gloves of Tenacity (worn) {Str+6 Stlth+}
   (You acquired it on level 3 of the Realm of Zot)

   Str:       It affects your strength (+6).
   Stlth:     It makes you more stealthy.
 J - +5 acid dragon scales (worn)
Magical Staves
 a - the staff of death "Rohoan" {rN+ Dex+3}
   (You found it on level 2 of the Crypt)

   [staff of death]

   Base accuracy: +5 Base damage: 5 Base attack delay: 1.2 This weapon's minimum
   attack delay (0.6) is reached at skill level 12.
   Dex:       It affects your dexterity (+3).
   rN:        It protects you from negative energy.
   It falls into the 'Staves' category.
   It is a one-handed weapon.
Jewellery
 g - the ring of the Stained God (left hand) {Fly rF+ rN+ Int+4}
   (You took it off a deep elf death mage on level 3 of the Elven Halls)

   [ring of positive energy]

   Int:       It affects your intelligence (+4).
   rF:        It protects you from fire.
   rN:        It protects you from negative energy.
   Fly:       It grants you flight.
 o - the ring "Weuppuj" (right hand) {rElec rN+ Dex+6 Slay+2}
   (You bought it in a shop on level 11 of the Dungeon)

   [ring of dexterity]

   Dex:       It affects your dexterity (+6).
   Slay:      It affects your accuracy & damage with ranged weapons and melee
   (+2).
   rElec:     It insulates you from electricity.
   rN:        It protects you from negative energy.
 u - a +5 ring of evasion
 B - the amulet "Tulusk" (around neck) {Reflect rF+ rC+ rN+ SH+5}
   (You bought it in a shop on level 11 of the Dungeon)

   [amulet of reflection]

   It reflects blocked missile attacks.
   rF:        It protects you from fire.
   rC:        It protects you from cold.
   rN:        It protects you from negative energy.
   SH:        It affects your SH (+5).
 F - a ring of wizardry
 Q - the ring "Mivynt" {Contam rElec rC+ Will+ SInv}
   (You found it on level 5 of the Pits of Slime)

   [ring of see invisible]

   rC:        It protects you from cold.
   rElec:     It insulates you from electricity.
   SInv:      It lets you see invisible.
   Contam:    It causes magical contamination when unequipped.
   Will:      It increases your willpower.
Wands
 c - a wand of light (39)
 l - a wand of flame (21)
 x - a wand of mindburst (13)
 P - a wand of digging (20)
 V - a wand of roots (68)
 Z - a wand of charming (57)
Scrolls
 d - 6 scrolls of fog
 f - 13 scrolls of poison
 i - 11 scrolls of vulnerability
 n - 11 scrolls of blinking
 y - 12 scrolls of fear
 E - 17 scrolls of immolation
 G - 5 scrolls of magic mapping
 L - 4 scrolls of torment
 N - 17 scrolls of teleportation
 U - 4 scrolls of summoning
 W - 8 scrolls of amnesia
Potions
 k - 7 potions of ambrosia
 s - 33 potions of curing
 v - 2 potions of invisibility
 w - 10 potions of mutation
 z - 5 potions of heal wounds
 A - 5 potions of haste
 I - 2 potions of resistance
 K - 7 potions of might
 O - 6 potions of cancellation
 R - 18 potions of brilliance
 Y - 6 potions of magic
Miscellaneous
 m - a tin of tremorstones (2/2)
 p - a phial of floods
 C - a lightning rod (4/4)
 M - a box of beasts (inert)
 T - a phantom mirror


   Skills:
 - Level 19.9 Fighting
 - Level 16.0 Maces & Flails
 + Level 19.0 Throwing
 - Level 19.9 Armour
 - Level 19.9 Dodging
 - Level 8.0 Stealth
 - Level 19.9 Shields
 - Level 7.0 Spellcasting
 - Level 4.0 Hexes
 - Level 6.0 Summonings
 + Level 16.8 Necromancy
 - Level 4.0 Transmutations
 - Level 5.0 Earth Magic
 + Level 13.2 Evocations


You had 9 spell levels left.
You knew the following spells:

 Your Spells              Type           Power      Damage    Failure   Level
a - Necrotise             Necr           100%       1d9       0%          1
b - Vampiric Draining     Necr           69%        2d10      1%          3
c - Animate Dead          Necr           69%        N/A       1%          4
d - Borgnjor's Vile Clut  Necr/Erth      26%        N/A       3%          5
e - Dispel Undead         Necr           69%        3d23      1%          4
f - Death Channel         Necr           34%        N/A       1%          6
g - Anguish               Hex/Necr       26%        N/A       1%          4
h - Wereblood             Tmut           25%        N/A       3%          2
i - Sublimation of Blood  Necr           69%        N/A       1%          2

Your spell library contained the following spells:

 Spells                   Type           Power      Damage    Failure   Level
 Kiss of Death            Conj/Necr      100%       2d13      1%          1
 Summon Small Mammal      Summ           100%       N/A       1%          1
 Cigotuvi's Dreadful Rot  Necr/Pois/Air  64%        N/A       1%          2
 Agony                    Necr           69%        N/A       1%          5
 Slow                     Hex            100%       N/A       2%          1
 Passwall                 Tmut/Erth      22%        N/A       2%          2
 Call Canine Familiar     Summ           34%        N/A       2%          3
 Summon Guardian Golem    Hex/Summ       29%        N/A       4%          3
 Confusing Touch          Hex            25%        N/A       6%          3
 Ensorcelled Hibernation  Hex/Ice        32%        N/A       8%          2
 Shock                    Conj/Air       28%        1d4       11%         1
 Stone Arrow              Conj/Erth      36%        3d9       12%         3
 Animate Armour           Summ/Erth      62%        N/A       12%         4
 Portal Projectile        Hex/Tloc       32%        N/A       14%         3
 Spider Form              Tmut/Pois      16%        N/A       14%         3
 Blink                    Tloc           14%        N/A       17%         2
 Lesser Beckoning         Tloc           14%        N/A       17%         2
 Momentum Strike          Conj/Tloc      14%        3d8       17%         2
 Poisonous Vapours        Pois/Air       14%        N/A       17%         2
 Scorch                   Fire           14%        2d6       17%         2
 Leda's Liquefaction      Hex/Erth       13%        N/A       17%         4
 Petrify                  Tmut/Erth      27%        N/A       17%         4
 Ignite Poison            Fire/Tmut/Pois 13%        N/A       21%         3
 Gell's Gravitas          Tloc           7%         N/A       32%         3
 Hailstorm                Conj/Ice       7%         3d4       32%         3
 Mephitic Cloud           Conj/Pois/Air  7%         N/A       32%         3
 Swiftness                Air            7%         N/A       32%         3
 Teleport Other           Tloc           7%         N/A       32%         3
 Volatile Blastmotes      Fire/Tloc      14%        2d11      32%         3
 Lee's Rapid Deconstruct  Erth           14%        3d9*      36%         5
 Summon Mana Viper        Hex/Summ       29%        N/A       36%         5
 Fulminant Prism          Conj/Hex       8%         3d7       43%         4
 Ice Form                 Ice/Tmut       16%        N/A       43%         4
 Simulacrum               Ice/Necr       22%        N/A       50%         6
 Borgnjor's Revivificati  Necr           34%        N/A       58%         8
 Infestation              Necr           34%        N/A       58%         8
 Summon Forest            Summ/Tloc      10%        N/A       65%         5
 Haunt                    Necr/Summ      27%        N/A       65%         7
 Airstrike                Air            3%         2d(1-17)  73%         4
 Flame Wave               Conj/Fire      7%         2d5       73%         4
 Iskenderun's Mystic Bla  Conj/Tloc      7%         2d4       73%         4
 Sticky Flame             Conj/Fire      7%         2d3       73%         4
 Alistair's Intoxication  Tmut/Pois      10%        N/A       80%         5
 Silence                  Hex/Air        8%         N/A       80%         5
 Summon Cactus Giant      Summ           17%        N/A       82%         6
 Freezing Cloud           Conj/Ice/Air   3%         6-21      97%         5
 Conjure Ball Lightning   Conj/Air       3%         3x3d6     100%        6
 Dispersal                Tloc           3%         N/A       100%        6
 Eringya's Noxious Bog    Tmut/Pois      8%         N/A       100%        6
 Monstrous Menagerie      Summ           17%        N/A       100%        7
 Ozocubu's Refrigeration  Ice            3%         4d8       100%        7
 Summon Hydra             Summ           17%        N/A       100%        7
 Discord                  Hex            12%        N/A       100%        8
 Disjunction              Tloc           3%         N/A       100%        8
 Ignition                 Fire           3%         3d4       100%        8
 Lehudib's Crystal Spear  Conj/Erth      9%         10d4      100%        8
 Necromutation            Tmut/Necr      26%        N/A       100%        8
 Chain Lightning          Conj/Air       3%         3d4       100%        9
 Death's Door             Necr           34%        N/A       100%        9
 Fire Storm               Conj/Fire      3%         8d1       100%        9
 Polar Vortex             Ice            3%         N/A       100%        9
 Shatter                  Erth           14%        3d14*     100%        9


Dungeon Overview and Level Annotations

Branches:
Dungeon (15/15)            Temple (0/1) D:7            Lair (5/5) D:11
 Shoals (4/4) Lair:3        Snake (4/4) Lair:3        Slime (5/5) Lair:5
    Orc (2/2) D:12            Elf (3/3) Orc:2        Vaults (4/5) D:13
  Crypt (3/3) Vaults:3       Tomb (0/3) Crypt:3      Depths (4/4) D:15
    Zot (5/5) Depths:4      Sewer (visited)         Ossuary (visited)
  IceCv (visited)         Volcano (visited)

Altars:
Ashenzari
Cheibriados
Dithmenos
Elyvilon
Fedhas
Kikubaaqudgha
Makhleb
Ru
Trog
Uskayaw
Vehumet
Yredelemnul
Jiyva

Shops:
D:11 =   Orc:1 (=?   Orc:2 ([(*?   Shoals:2 *   Shoals:3 =   Vaults:1 (
Vaults:2 (

Portals:
Hell: Depths:1 Depths:2 Depths:3 Depths:4
Abyss: D:12 Depths:3
Pandemonium: Depths:2
Ziggurat: Depths:3

Annotations:
Snake:3 1 transporter
Elf:2 3 runed translucent doors
Vaults:3 36 runed doors
Zot:3 2 transporters
Zot:5 2 transporters, Alunk's ghost, legendary GnFi


Innate Abilities, Weirdness & Mutations

You have a pair of horns on your head.
You reflexively headbutt those who attack you in melee.
You are dopey. (Int -2)
You occasionally lose the ability to drink potions when taking damage.


Message History

Where to? (Enter - D:1 @ (x,y), ? - help)
What level of the Dungeon? (default 1, ? - help)
Okay, then.
An Orb Guardian comes into view.
Casting: Borgnjor's Vile Clutch (mildly dangerous; 3% risk of failure)
Confirm with . or Enter, or press ? or * to list all spells.
Malign forces permeate your being, awaiting release.
Casting: Death Channel (mildly dangerous; 1% risk of failure)
Confirm with . or Enter, or press ? or * to list all spells.
You call upon the dead to rise.
The Orb Guardian completely misses you. You furiously retaliate!
You headbutt the Orb Guardian. You barely miss the Orb Guardian.
The Orb Guardian is lightly wounded.
You whack the Orb Guardian!
The Orb Guardian writhes in agony.
You headbutt the Orb Guardian.
The Orb Guardian is moderately wounded.
The Orb Guardian hits you but does no damage.
You thrash the Orb Guardian!!
The Orb Guardian writhes in agony!
The Orb Guardian is severely wounded.
You block the Orb Guardian's attack.
You miss the Orb Guardian.
The Orb Guardian is severely wounded.
You block the Orb Guardian's attack.
You barely miss the Orb Guardian.
You headbutt the Orb Guardian, but do no damage.
The Orb Guardian is severely wounded.
You thrash the Orb Guardian!!
You headbutt the Orb Guardian, but do no damage.
The Orb Guardian is almost dead.
You block the Orb Guardian's attack.
You thrash the Orb Guardian!!
You kill the Orb Guardian!
Kikubaaqudgha accepts your kill.
The dead are walking!
A glowing mist starts to gather...
You recover from your berserk rage.
Your Throwing skill increases to level 19!
Your reaping aura is weakening.
Your reaping aura expires.
There is a staircase leading out of the dungeon here.
You have escaped!

#........# ###############..##.
#........# #.......##. #........#
######### #.......##. #........#
##.......###.......##.
#........###.........####........
#........##.....8.....###.......#
#............8..8..8....#.......#
.........##......Z....#.........#
..........##....@Z...####.(.[....
..........###.......## #........
......###.###############.......#
........................'........
.......#.#####.....######........
.......#................########.
##.....#....####.#.##........#...
#.....#.....................#...
#.....#...........#.............


You could see a friendly spectral Orb Guardian and a friendly Orb Guardian
zombie.

Vanquished Creatures
  the Royal Jelly (Slime:5)
  4 dread liches
  2 orbs of fire (Zot:5)
  Mara (Snake:3)
  Boris (twice) (Crypt:1 Crypt:2)
  3 Killer Klowns
  Vv (Zot:2)
  2 curse toes
  Vashnia (Snake:3)
  Saint Roka (Elf:3)
  4 golden dragons
  A Tzitzimitl (Zot:5)
  4 electric golems
  Zenata (Crypt:3)
  11 tentacled monstrosities
  Jorgrun (Orc:1)
  Rupert (Orc:2)
  A walking crystal tome (Depths:3)
  17 Orb Guardians
  A walking earthen tome (Depths:2)
  5 liches (Crypt:3)
  7 quicksilver dragons
  12 acid blobs
  A walking divine tome (Depths:3)
  2 deep elf blademasters (Elf:3)
  Asterion (Vaults:1)
  9 ancient champions
  2 krakens
  2 deep elf master archers (Elf:3)
  2 Executioners
  Agnes (Snake:1)
  5 death cobs
  2 sphinxes
  5 revenants
  5 tengu reavers
  3 shadow dragons
  6 nagarajas
  11 rockslimes
  Donald (Orc:2)
  A demonspawn warmonger (Depths:4)
  8 azure jellies
  9 draconian monks
  12 storm dragons
  A daeva (D:14)
  A fire giant (shapeshifter) (Depths:2)
  A ghost moth (Zot:4)
  7 frost giants
  4 deep elf sorcerers (Elf:3)
  7 fire giants
  2 draconian knights (Zot:2)
  5 draconian scorchers
  A caustic shrike zombie (Crypt:1)
  7 vault wardens
  An iron dragon (Depths:4)
  2 juggernaut zombies (Crypt:1)
  2 draconian stormcallers
  3 draconian shifters
  4 spriggan defenders
  7 curse skulls
  2 cacodemons
  A caustic shrike skeleton (Crypt:2)
  3 deep elf elementalists (Elf:3)
  3 draconian annihilators
  22 very ugly things
  3 orc warlords
  10 stone giants
  9 ironbound preservers
  7 ghouls
  3 ironbound thunderhulks
  13 quicksilver oozes
  5 deep elf annihilators
  Nessos (D:14)
  11 green draconians
  8 vampire knights
  4 deep elf demonologists (Elf:3)
  4 black draconians
  10 white draconians
  2 dire elephants (Vaults:2)
  14 purple draconians
  10 red draconians
  17 spark wasps
  9 yellow draconians
  A lorocyproca (D:10)
  6 fire dragons
  2 mummy priests
  6 eidola
  The ghost of Jackthecabe the Protected, a journeyman DsHs of Qazlal (Lair:3)
  3 ettins
  10 deep elf death magi
  4 merfolk impalers
  4 merfolk javelineers
  An entropy weaver (shapeshifter) (D:15)
  3 deep elf high priests
  8 jiangshi
  Josephine (Shoals:1)
  Harold (Lair:1)
  7 vault guards
  Fannar (Orc:1)
  A salamander tyrant (Snake:4)
  4 great orbs of eyes
  An entropy weaver (Vaults:3)
  5 hydras
  9 yaktaur captains
  A peacekeeper (Vaults:3)
  4 ice dragons
  4 anacondas
  A quicksilver dragon skeleton (Crypt:3)
  An ogre mage (D:15)
  3 catoblepae
  A merfolk avatar (Shoals:4)
  4 spriggan air magi
  2 rakshasas
  3 satyrs
  3 death knights
  11 centaur warriors
  2 merfolk aquamancers (Shoals:4)
  2 alligator snapping turtles
  5 death yaks
  6 ironbound frosthearts
  Erica (D:10)
  A boulder beetle (D:12)
  7 two-headed ogres
  7 dancing weapons
  A deep troll shaman (Depths:3)
  3 tengu warriors
  4 orc high priests
  3 hell hogs
  The ghost of Jackthecabe the Covert, a journeyman VSFE of Uskayaw (D:10)
  10 naga warriors
  4 deep troll earth magi (Depths:3)
  An Orb Guardian skeleton (Crypt:1)
  7 vampire magi
  A soul eater (Crypt:2)
  4 spriggan berserkers
  5 shock serpents
  13 naga sharpshooters
  2 sun demons (Depths:2)
  3 hell knights
  5 skysharks
  11 deep elf knights
  2 golden dragon zombies (Depths:1)
  4 salamander mystics
  3 sixfirhies
  47 skeletal warriors
  Amaemon (D:10)
  6 flayed ghosts
  5 shadow wraiths
  9 sea snakes
  2 death drakes (Depths:4)
  A ghost moth zombie (Crypt:1)
  23 deep trolls
  2 naga ritualists
  A spark wasp zombie (Depths:2)
  An orb spider (shapeshifter) (Elf:2)
  7 wizards
  6 ironbound convokers
  3 lindwurms
  A bunyip skeleton (Crypt:3)
  3 bog bodies
  9 deep elf archers
  7 phantasmal warriors
  Pikel (D:8)
  An anaconda skeleton (Volcano)
  6 necromancers
  15 deep elf pyromancers
  5 orc sorcerers
  2 wolf spiders (Lair:5)
  A spriggan simulacrum (Crypt:1)
  15 deep elf zephyrmancers
  12 orc knights
  10 harpies
  3 mana vipers
  An iron dragon zombie (Crypt:3)
  A shining eye (Slime:5)
  A fire giant zombie (Crypt:3)
  15 salamanders
  3 tengu skeletons
  37 ugly things
  A worldbinder (D:12)
  4 cyclopes
  6 manticores
  8 fauns
  A rust devil (Zot:2)
  A sphinx skeleton (Vaults:3)
  A toenail golem (D:2)
  A stone giant skeleton (Vaults:3)
  7 elephants
  24 moths of wrath
  7 water nymphs
  Maurice (Orc:2)
  3 human skeletons (Vaults:3)
  9 merfolk sirens
  2 guardian serpents (Snake:4)
  4 naga magi
  A smoke demon (Depths:2)
  29 black mambas
  A fire giant skeleton (Vaults:3)
  4 vault sentinels
  Joseph (Lair:1)
  2 eyes of devastation
  3 ice statues (IceCv)
  A dire elephant skeleton (Crypt:1)
  An unseen horror zombie (Crypt:2)
  A hellion (Depths:2)
  8 cane toads
  5 orange demons
  8 gargoyles
  A kobold demonologist (D:5)
  4 naga skeletons
  10 komodo dragons
  2 unseen horrors
  8 freezing wraiths
  21 yaktaurs
  6 rime drakes
  2 tormentors
  A yaktaur (shapeshifter) (D:13)
  A tengu conjurer (Depths:3)
  A guardian mummy (Crypt:3)
  An unseen horror skeleton (Crypt:1)
  A grey draconian skeleton (Crypt:1)
  A harpy zombie (Crypt:3)
  A red draconian skeleton (Crypt:1)
  A yaktaur skeleton (Vaults:3)
  A white draconian skeleton (Crypt:2)
  4 trolls
  A queen bee (D:10)
  A pale draconian skeleton (Crypt:2)
  7 hornets
  4 meliai
  4 polar bears
  15 merfolk
  5 wind drakes
  2 harpy skeletons
  A tarantella (shapeshifter) (D:15)
  9 blink frogs
  A radroach zombie (Crypt:1)
  6 dream sheep
  An iron dragon simulacrum (Crypt:1)
  A stone giant simulacrum (Depths:1)
  A dream sheep (shapeshifter) (Depths:3)
  An ettin zombie (Vaults:1)
  7 snapping turtles
  A snapping turtle (shapeshifter) (Vaults:2)
  13 spriggans
  10 flying skulls
  13 water elementals
  2 vampires
  A dire elephant simulacrum (Crypt:1)
  8 wraiths
  An alligator skeleton (Volcano)
  An ice dragon skeleton (Crypt:2)
  64 slime creatures
  5 air elementals
  12 humans (D:13)
  A wyvern (Lair:3)
  A shadow (D:12)
  A fire elemental (Elf:2)
  A naga simulacrum (Crypt:2)
  17 yaks
  10 golden eyes
  15 vampire mosquitoes
  A steam dragon (D:10)
  A death yak simulacrum (IceCv)
  A basilisk (Lair:3)
  4 wargs
  6 large abominations
  21 nagas
  A harpy simulacrum (IceCv)
  3 acid dragons
  2 floating eyes
  17 water moccasins
  A sky beast (D:6)
  A glowing shapeshifter skeleton (Vaults:3)
  A water nymph skeleton (Crypt:2)
  2 black bears (Lair:5)
  A swamp dragon zombie (Crypt:3)
  17 orc warriors
  3 ice beasts
  A blink frog zombie (Crypt:3)
  An ettin simulacrum (Crypt:1)
  A cane toad skeleton (Crypt:2)
  9 boggarts
  6 ogres
  61 wolves
  8 centaurs
  2 phantoms
  6 elf zombies
  5 kobold brigands
  A gnoll sergeant (D:11)
  13 bullfrogs
  6 scorpions
  A komodo dragon skeleton (Crypt:3)
  3 earth elementals
  A cane toad simulacrum (IceCv)
  2 wights (D:7)
  A swamp dragon simulacrum (Crypt:1)
  11 killer bees
  8 spriggan skeletons
  2 electric eels
  5 howler monkeys
  A troll skeleton (Volcano)
  A bullfrog zombie (Crypt:3)
  A hound (D:6)
  19 orc priests
  A gnoll bouda (D:5)
  2 human zombies
  5 jellies
  A centaur skeleton (Crypt:2)
  5 iguanas
  3 sleepcaps (D:5)
  22 orc wizards
  A basilisk skeleton (Crypt:1)
  2 polar bear simulacra (IceCv)
  2 wolf simulacra (IceCv)
  An acid dragon zombie (Crypt:2)
  A naga zombie (Crypt:3)
  A hound zombie (Ossuary)
  A boggart simulacrum (D:13)
  16 mummies
  12 gnolls
  13 adders
  3 river rats (Sewer)
  2 shadow imps
  2 white imps
  An ufetubus (D:5)
  An adder zombie (Ossuary)
  4 worms
  50 orcs
  2 bats (D:1)
  5 endoplasms
  3 giant cockroaches (D:1)
  2 gnoll zombies (Ossuary)
  4 goblins
  5 hobgoblins
  4 jackals (D:1)
  2 quokkas
  11 ball pythons
  7 frilled lizards
  A frilled lizard zombie (Crypt:1)
  4 hobgoblin zombies (Ossuary)
  A jackal zombie (Crypt:3)
  27 kobolds
  2 kobold zombies (Ossuary)
  16 rats
  A spectral weapon (Snake:1)
  9 tentacles
1869 creatures vanquished.

Vanquished Creatures (collateral kills)
  An orb of fire (Zot:5)
  A juggernaut (Depths:4)
  Sojobo (Vaults:2)
  Boris (Depths:4)
  3 Killer Klowns (Zot:5)
  Frederick (Depths:4)
  Bai Suzhen (Snake:3)
  3 caustic shrikes (Depths:4)
  A golden dragon (Depths:4)
  An electric golem (Zot:5)
  2 tentacled monstrosities
  10 Orb Guardians (Zot:5)
  A walking earthen tome (Depths:3)
  A walking divine tome (Depths:4)
  A lich (Depths:3)
  A sphinx (Depths:3)
  3 quicksilver dragons
  5 acid blobs
  Kirke (Shoals:4)
  A tengu reaver (Vaults:2)
  4 storm dragons
  2 rockslimes
  2 fire giants
  3 azure jellies
  12 nagarajas
  3 ghost moths (Zot:5)
  A juggernaut zombie (Depths:2)
  2 frost giants
  2 draconian shifters
  6 ironbound preservers
  An orc warlord (Vaults:4)
  4 vault wardens
  2 quicksilver oozes
  2 stone giants (Depths:2)
  3 draconian annihilators
  A spriggan defender (Depths:3)
  12 very ugly things
  4 green draconians
  3 black draconians
  A deep elf annihilator (Elf:3)
  3 white draconians
  2 yellow draconians
  4 red draconians
  A purple draconian (Zot:3)
  2 dire elephants (Vaults:2)
  The ghost of Kaesm the Cleaver, a journeyman DsWn of Qazlal (D:12)
  2 ettins (Depths:4)
  A yaktaur captain (Vaults:4)
  3 great orbs of eyes
  2 fire dragons
  A hydra (Lair:2)
  4 ice dragons
  8 merfolk impalers
  2 rakshasas
  A catoblepas (Lair:5)
  2 anacondas
  An ironbound frostheart (Vaults:2)
  An alligator snapping turtle (Shoals:4)
  A centaur warrior (Vaults:1)
  4 two-headed ogres
  A merfolk avatar (Shoals:2)
  3 merfolk aquamancers
  A dancing weapon (Elf:1)
  2 satyrs
  2 death yaks
  A tengu warrior (D:15)
  A hell hog (Depths:2)
  6 naga sharpshooters
  6 naga warriors (Snake:4)
  2 shock serpents (Snake:4)
  3 deep elf knights (Elf:1)
  A soul eater (Depths:2)
  3 sun demons
  4 sea snakes (Shoals:4)
  A spriggan rider (Depths:2)
  12 deep trolls
  A death drake (Depths:4)
  2 deep elf archers (Elf:2)
  2 glowing orange brains
  6 naga ritualists
  7 harpies
  An ironbound convoker (Vaults:2)
  3 necromancers
  A wizard (Vaults:4)
  A deep elf zephyrmancer (Elf:2)
  4 deep elf pyromancers
  4 mana vipers
  9 ugly things
  3 shining eyes
  2 orc knights
  8 salamanders
  7 manticores
  10 fauns
  A cyclops (Orc:2)
  4 guardian serpents
  A worldbinder (D:12)
  An eye of devastation (Slime:3)
  6 naga magi
  5 moths of wrath
  4 merfolk sirens
  4 vault sentinels
  6 water nymphs
  3 elephants (Lair:2)
  13 black mambas
  3 cane toads
  2 smoke demons (Depths:2)
  A gargoyle (D:12)
  7 yaktaurs
  A kobold demonologist (D:12)
  4 komodo dragons
  An anaconda simulacrum (IceCv)
  10 merfolk
  2 polar bears
  3 hornets
  A wind drake (Shoals:3)
  A snapping turtle (Shoals:2)
  21 slime creatures
  2 air elementals (Shoals:4)
  3 spriggans
  5 yaks (Lair:5)
  A basilisk (Lair:5)
  16 water elementals
  2 wraiths (Shoals:1)
  2 golden eyes
  4 humans (D:13)
  A spriggan simulacrum (Depths:1)
  2 redbacks (Vaults:3)
  A vampire mosquito (D:13)
  26 nagas
  2 water moccasins
  3 orc warriors
  A black bear (Lair:5)
  2 boggarts (Vaults:3)
  12 wolves
  An elf zombie (Elf:1)
  A bullfrog (Lair:3)
  A human skeleton (Vaults:1)
  A wight (D:7)
  2 howler monkeys
  A jelly (Lair:5)
  An orc wizard (Elf:3)
  An adder (Sewer)
  A gnoll (D:11)
  6 orcs
  A ball python (D:1)
  An endoplasm (D:1)
  A kobold (D:7)
  A rat (D:6)
486 creatures vanquished.

Vanquished Creatures (others)
  A caustic shrike (Depths:4)
  A quicksilver dragon (Zot:3)
  2 draconian monks
  4 storm dragons
  A draconian knight (Zot:3)
  A frost giant (Depths:3)
  A vault warden (Vaults:2)
  3 draconian scorchers
  An orc warlord (Vaults:1)
  2 draconian stormcallers
  3 draconian annihilators
  A Killer Klown zombie (Zot:5)
  2 green draconians
  A demonspawn black sun (Depths:4)
  2 black draconians
  A purple draconian (Zot:3)
  A red draconian (Depths:4)
  2 dire elephants
  4 yellow draconians
  6 very ugly thing zombies
  4 white draconians
  5 quicksilver dragon zombies
  A merfolk impaler (Shoals:4)
  3 yaktaur captains
  2 salamander tyrants
  6 anacondas
  A centaur warrior (Vaults:4)
  An ironbound frostheart (Vaults:3)
  A merfolk aquamancer (Shoals:4)
  3 Orb Guardian zombies (Zot:5)
  2 naga warriors (Snake:4)
  A boulder beetle (D:15)
  A naga sharpshooter (Snake:1)
  2 shock serpents
  4 deep elf knights
  2 skysharks
  2 storm dragon zombies
  4 anaconda zombies
  A sea snake (Shoals:4)
  A golden dragon zombie (Zot:2)
  7 spark wasp zombies
  A deep troll (Vaults:2)
  A lindwurm (Vaults:3)
  A naga ritualist (Snake:4)
  5 ironbound convokers
  A deep elf zephyrmancer (Elf:2)
  An orc knight (Vaults:2)
  2 harpies
  3 ugly thing zombies
  A wolf spider (D:12)
  An iron dragon zombie (Depths:4)
  A salamander (Snake:4)
  9 draconian zombies
  4 fire giant zombies
  4 frost giant zombies
  A faun (Shoals:4)
  A manticore (Shoals:4)
  An ugly thing (Vaults:2)
  12 moths of wrath
  2 shock serpent zombies
  3 naga magi
  A guardian serpent (Snake:4)
  2 vault sentinels
  A smoke demon (Depths:2)
  2 dire elephant zombies (Vaults:2)
  7 black mambas
  A merfolk siren (Shoals:3)
  A water nymph (Shoals:2)
  2 sea snake zombies
  A yellow draconian zombie (Zot:3)
  8 green draconian zombies
  6 white draconian zombies
  3 red draconian zombies (Zot:2)
  7 yaktaurs
  4 black draconian zombies
  An orb spider zombie (Elf:2)
  A purple draconian zombie (Zot:4)
  A rime drake (IceCv)
  2 yaktaur zombies
  A tengu conjurer (Depths:3)
  5 harpy zombies
  2 merfolk
  A meliai (D:12)
  2 wind drakes
  12 moth of wrath zombies
  An ice dragon zombie (Depths:3)
  A fire dragon zombie (Depths:2)
  A satyr zombie (Shoals:4)
  A guardian serpent zombie (Snake:3)
  A snapping turtle (Shoals:2)
  An ettin zombie (Depths:1)
  A meliai zombie (D:12)
  7 slime creatures
  A wind drake zombie (Shoals:3)
  9 black mamba zombies
  4 slime creature zombies
  2 humans (Shoals:4)
  5 two-headed ogre zombies (D:15)
  8 merfolk zombies
  2 nagas (Snake:4)
  2 water nymph zombies (Shoals:4)
  3 deep troll zombies
  A skyshark zombie (Shoals:3)
  2 cane toad zombies (Lair:5)
  6 faun zombies
  11 elf zombies
  An orc warrior (Elf:3)
  A manticore zombie (Shoals:4)
  2 snapping turtle zombies (Shoals:4)
  2 hornet zombies
  4 elephant zombies
  A dream sheep zombie (Depths:3)
  A boggart (D:15)
  A vampire mosquito zombie (D:13)
  4 rime drake zombies
  2 salamander zombies (Snake:4)
  2 cyclops zombies
  2 water moccasin zombies (Lair:2)
  A tengu zombie (Depths:3)
  A warg zombie (Orc:1)
  A troll zombie (Orc:2)
  6 spriggan zombies (Depths:2)
  11 yak zombies
  A polar bear zombie (Lair:2)
  10 wolf zombies
  8 centaur zombies
  3 bullfrog zombies
  14 human zombies
  A hound (D:12)
  A black bear zombie (Lair:5)
  2 boggart zombies (Lair:5)
  An iguana (D:12)
  An acid dragon zombie (D:11)
  10 naga zombies
  An ogre zombie (D:5)
  An adder (D:12)
  An adder zombie (D:12)
  31 orc zombies
  3 orcs
  2 ball pythons (D:12)
  A gnoll zombie (D:10)
  6 kobold zombies (D:10)
  5 tentacles
439 creatures vanquished.

Grand Total: 2794 creatures vanquished

Notes
Turn   | Place    | Note
-------+----------+-------------------------------------------
     0 | D:1      | Midpoint the Minotaur Necromancer began the quest for the
                  | Orb.
     0 | D:1      | Reached XP level 1. HP: 14/14 MP: 1/1
   181 | D:1      | Reached XP level 2. HP: 16/20 MP: 0/3
   746 | D:1      | Reached XP level 3. HP: 26/26 MP: 4/4
  1076 | D:2      | Reached skill level 1 in Fighting
  1396 | D:2      | Reached skill level 1 in Maces & Flails
  1612 | D:2      | Learned a level 3 spell: Vampiric Draining
  1766 | D:2      | Reached XP level 4. HP: 36/36 MP: 5/5
  2118 | D:3      | Found an ancient bone altar of Kikubaaqudgha.
  2125 | D:3      | Became a worshipper of Kikubaaqudgha
  2344 | D:3      | Found a hide-covered altar of Uskayaw.
  2344 | D:3      | Noticed a +0 dagger
  2344 | D:3      | Noticed a +0 hand axe
  3010 | D:4      | Identified the +0 chain mail of Articulation {Int+3}
  3047 | D:4      | Found a burning altar of Makhleb.
  3055 | D:4      | Reached XP level 5. HP: 22/42 MP: 6/6
  3170 | D:4      | Found a broken altar of Ashenzari.
  3748 | D:5      | Entered Level 5 of the Dungeon
  3948 | D:5      | Noticed an ogre
  3988 | D:5      | Noticed a phantom
  4078 | D:6      | Reached skill level 5 in Maces & Flails
  4078 | D:6      | Reached XP level 6. HP: 43/51 MP: 4/7
  4107 | D:6      | Found a sand-covered staircase.
  4120 | Ossuary  | Entered an ossuary
  4414 | Ossuary  | Reached XP level 7. HP: 40/60 MP: 8/8
  4513 | D:6      | Found a glowing drain.
  4545 | Sewer    | Entered a sewer
  4549 | Sewer    | Reached * piety under Kikubaaqudgha
  4549 | Sewer    | Received a gift from Kikubaaqudgha
  4556 | Sewer    | Learned a level 4 spell: Animate Dead
  4864 | Sewer    | Reached skill level 10 in Maces & Flails
  4864 | Sewer    | Reached skill level 5 in Shields
  4864 | Sewer    | Reached skill level 5 in Necromancy
  4864 | Sewer    | Reached XP level 8. HP: 74/74 MP: 9/9
  4918 | D:6      | Found a snail-covered altar of Cheibriados.
  4926 | D:6      | Found a basalt altar of Yredelemnul.
  4956 | D:6      | Killed an unseen horror
  5672 | D:6      | Reached XP level 9. HP: 81/81 MP: 7/10
  6065 | D:5      | Found a transporter.
  6068 | D:5      | Noticed a kobold demonologist
  6109 | D:5      | Reached ** piety under Kikubaaqudgha
  6159 | D:5      | Found a transporter.
  6754 | D:7      | Found a staircase to the Ecumenical Temple.
  6935 | D:7      | Found a white marble altar of Elyvilon.
  7130 | D:7      | Reached *** piety under Kikubaaqudgha
  7130 | D:7      | Received a gift from Kikubaaqudgha
  7177 | D:8      | Noticed a gargoyle
  7191 | D:8      | Killed a gargoyle
  7192 | D:8      | Reached XP level 10. HP: 92/92 MP: 11/11
  7258 | D:8      | Found the +5 robe of Misfortune {Harm *Corrode *Slow EV+5}
  7472 | D:8      | Found a shadowy altar of Dithmenos.
  7477 | D:8      | Noticed a cyclops
  7480 | D:8      | Noticed Pikel
  7490 | D:8      | Killed Pikel
  7491 | D:8      | Reached skill level 10 in Fighting
  7903 | D:9      | Found a blossoming altar of Fedhas.
  8219 | D:9      | Noticed a cyclops
  8243 | D:9      | Killed a cyclops
  8244 | D:9      | Reached skill level 1 in Armour
  8508 | D:9      | Noticed a white ugly thing
  8525 | D:9      | Killed a white ugly thing
  8705 | D:9      | Noticed a cyclops
  8724 | D:9      | Killed a cyclops
  8724 | D:9      | Reached **** piety under Kikubaaqudgha
  8737 | D:10     | Entered Level 10 of the Dungeon
  9007 | D:10     | Reached XP level 11. HP: 79/101 MP: 12/12
  9219 | D:10     | Noticed Erica
  9297 | D:10     | Found a transporter.
  9299 | D:10     | Found a transporter.
  9300 | D:10     | Noticed Jackthecabe's ghost (journeyman VSFE)
  9334 | D:10     | Noticed Amaemon
  9347 | D:10     | Killed Amaemon
  9610 | D:10     | Killed Erica
  9794 | D:11     | Noticed a tengu warrior
  9813 | D:11     | Killed a tengu warrior
 10084 | D:11     | Found Qaxushref's Jewellery Shoppe.
 10117 | D:11     | Bought the ring "Weuppuj" {rElec rN+ Dex+6 Slay+2} for 626
                  | gold pieces
 10259 | D:11     | Found a staircase to the Lair.
 10346 | D:11     | Noticed a two-headed ogre
 10360 | D:11     | Killed a two-headed ogre
 10368 | D:11     | Learned a level 5 spell: Borgnjor's Vile Clutch
 10410 | D:11     | Noticed a green ugly thing
 10461 | D:11     | Killed a green ugly thing
 10672 | D:12     | Found a staircase to the Orcish Mines.
 10682 | D:12     | Noticed a hell hog
 10682 | D:12     | Noticed a sun demon
 10682 | D:12     | Noticed Kaesm's ghost (journeyman DsWn)
 10683 | D:12     | Found a one-way gate to the infinite horrors of the Abyss.
 10685 | D:12     | Noticed a rakshasa
 10686 | D:12     | Noticed a wizard
 10697 | D:12     | Found a transporter.
 10697 | D:12     | Found a transporter.
 10779 | D:12     | Noticed a two-headed ogre
 10790 | D:12     | Killed a two-headed ogre
 10868 | D:12     | Noticed a two-headed ogre
 10876 | D:12     | Killed a two-headed ogre
 11009 | D:12     | Noticed a deep elf pyromancer
 11301 | Lair:1   | Entered Level 1 of the Lair of Beasts
 11308 | Lair:1   | Identified the +2 giant club of the Ethereal God {venom,
                  | *Rage rC+ Str+2}
 11364 | Lair:1   | Found a dark tunnel.
 11379 | Volcano  | Entered a volcano
 11477 | Volcano  | Reached XP level 12. HP: 81/110 MP: 15/15
 11496 | Volcano  | Reached skill level 5 in Armour
 11763 | Lair:1   | Noticed Harold
 11952 | Lair:2   | Reached skill level 5 in Stealth
 12053 | Lair:2   | Reached ***** piety under Kikubaaqudgha
 12106 | Lair:3   | Reached skill level 1 in Earth Magic
 12122 | Lair:3   | Found a frozen archway.
 12163 | IceCv    | Entered an ice cave
 12258 | IceCv    | Learned a level 4 spell: Dispel Undead
 12780 | Lair:3   | Reached skill level 10 in Shields
 12791 | Lair:5   | Entered Level 5 of the Lair of Beasts
 12945 | Lair:5   | Reached XP level 13. HP: 63/119 MP: 16/16
 12967 | Lair:5   | Identified a scroll of acquirement
 12968 | Lair:5   | Acquired the +2 hat of the Bear Spirit {Spirit, Bear, *Rage
                  | Will++}
 12968 | Lair:5   | Found the +2 hat of the Bear Spirit {Spirit, Bear, *Rage
                  | Will++}
 12989 | Lair:5   | Found a staircase to the Slime Pits.
 12989 | Lair:5   | Found a viscous altar of Jiyva.
 13456 | Lair:5   | Reached skill level 5 in Earth Magic
 13552 | Lair:5   | Reached ****** piety under Kikubaaqudgha
 14614 | Lair:3   | Reached XP level 14. HP: 133/133 MP: 18/18
 14681 | Lair:3   | Found a staircase to the Shoals.
 14771 | Lair:3   | You fall into a shaft and drop 2 floors!
 14829 | Lair:3   | Found a runed translucent door.
 14829 | Lair:3   | Noticed Jackthecabe's ghost (journeyman DsHs)
 14932 | Lair:3   | Identified a +4 demon whip of pain (a +2 demon whip of
                  | venom bloodied by Kikubaaqudgha)
 14932 | Lair:3   | Received a gift from Kikubaaqudgha
 14978 | Lair:3   | Found a staircase to the Snake Pit.
 15209 | Lair:2   | Reached skill level 1 in Evocations
 15236 | Lair:2   | Reached skill level 15 in Fighting
 16173 | Lair:1   | Noticed Joseph
 16181 | Lair:1   | Killed Joseph
 16438 | Lair:1   | Killed Harold
 16827 | D:13     | Reached skill level 5 in Spellcasting
 16917 | D:13     | Found a gate to the Vaults.
 17075 | D:13     | Reached XP level 15. HP: 141/141 MP: 17/21
 17554 | D:14     | Learned a level 6 spell: Death Channel
 17616 | D:14     | Reached skill level 15 in Shields
 17625 | D:14     | Noticed Nessos
 17636 | D:14     | Killed Nessos
 18053 | D:15     | Entered Level 15 of the Dungeon
 18065 | D:15     | Reached skill level 10 in Necromancy
 18593 | D:15     | Found a bloodstained altar of Trog.
 18792 | D:15     | Found a staircase to the Depths.
 18911 | Orc:1    | Entered Level 1 of the Orcish Mines
 18911 | Orc:1    | Found Fiapy's Antique Weapon Emporium.
 18933 | Orc:1    | Noticed Fannar
 18943 | Orc:1    | Killed Fannar
 18952 | Orc:1    | Found Giliegi's Jewellery Emporium.
 19000 | Orc:1    | Noticed Jorgrun
 19010 | Orc:1    | Killed Jorgrun
 19029 | Orc:1    | Found Seter's Magic Scroll Shop.
 19045 | Orc:1    | Bought a scroll of enchant weapon for 112 gold pieces
 19299 | Orc:2    | Entered Level 2 of the Orcish Mines
 19319 | Orc:2    | Found Eso Dal's Weapon Emporium.
 19359 | Orc:2    | Noticed Rupert
 19448 | Orc:2    | Found a staircase to the Elven Halls.
 19490 | Orc:2    | Noticed Donald
 19503 | Orc:2    | Killed Donald
 19509 | Orc:2    | Noticed Maurice
 19522 | Orc:2    | Killed Maurice
 19681 | Orc:2    | Killed Rupert
 19943 | Orc:2    | Found Hunneot's General Store.
 19943 | Orc:2    | Found Usoelehe's Magic Scroll Emporium.
 19945 | Orc:2    | Found Irphon's Antique Armour Boutique.
 19945 | Orc:2    | Found Joaqaehu's Antique Weapon Emporium.
 19957 | Orc:2    | Bought a scroll of acquirement for 728 gold pieces
 19957 | Orc:2    | Acquired 1182 gold pieces
 20002 | Orc:2    | Bought an embroidered cloak for 232 gold pieces
 20013 | Orc:2    | Bought a pair of embroidered gloves for 232 gold pieces
 20024 | Orc:2    | Bought shiny acid dragon scales for 1333 gold pieces
 20039 | Orc:2    | Bought a potion of heal wounds for 90 gold pieces
 20044 | Orc:2    | Bought a scroll of enchant weapon for 105 gold pieces
 20044 | Orc:2    | Bought a scroll of blinking for 105 gold pieces
 20103 | Orc:1    | Bought a scroll of blinking for 112 gold pieces
 20103 | Orc:1    | Bought a scroll of enchant armour for 112 gold pieces
 20164 | D:11     | Bought the amulet "Tulusk" {Reflect rF+ rC+ rN+ SH+5} for
                  | 552 gold pieces
 20654 | D:10     | Killed Jackthecabe's ghost
 20856 | Snake:1  | Entered Level 1 of the Snake Pit
 20911 | Snake:1  | Noticed Agnes
 20924 | Snake:1  | Killed Agnes
 20925 | Snake:1  | Reached XP level 16. HP: 126/149 MP: 0/22
 21618 | Snake:3  | Noticed Vashnia
 21630 | Snake:3  | Killed Vashnia
 21631 | Snake:3  | Reached skill level 10 in Armour
 21661 | Snake:3  | Reached skill level 10 in Dodging
 21680 | Snake:3  | Found a transporter.
 21737 | Snake:3  | Learned a level 4 spell: Anguish
 21793 | Snake:4  | Entered Level 4 of the Snake Pit
 22166 | Snake:4  | Reached XP level 17. HP: 99/156 MP: 1/25
 22222 | Snake:4  | Learned a level 2 spell: Wereblood
 22876 | Snake:4  | Got a serpentine rune of Zot
 23637 | Snake:3  | Noticed Mara
 23655 | Snake:3  | Noticed Bai Suzhen
 23693 | Snake:3  | Found a radiant altar of Vehumet.
 23715 | Snake:3  | Killed Bai Suzhen
 23777 | Snake:3  | Noticed Midpoint's illusion
 23812 | Snake:3  | Killed Mara
 23842 | Snake:3  | Identified the +0 robe "Gaolo" {Archmagi}
 24709 | Snake:1  | Upgraded the game from 0.30.0-5-g1a98f26d00 to
                  | 0.30.0-10-gfe55d96785
 25197 | Shoals:1 | Entered Level 1 of the Shoals
 25461 | Shoals:1 | Noticed Josephine
 25466 | Shoals:1 | Killed Josephine
 25764 | Shoals:2 | Found Luuthrul's Island Escapes.
 25839 | Shoals:2 | Reached XP level 18. HP: 159/166 MP: 12/27
 26522 | Shoals:3 | Found Fyrphan's Jewellery Shoppe.
 26630 | Shoals:3 | Reached skill level 1 in Transmutations
 27136 | Shoals:4 | Entered Level 4 of the Shoals
 27168 | Shoals:4 | Paralysed by an air elemental for 1 turns
 27306 | Shoals:4 | Paralysed by an air elemental for 1 turns
 27405 | Shoals:4 | Identified the +8 dagger of Impeachment {drain, rF+ Int+2}
 27724 | Shoals:4 | Got a barnacled rune of Zot
 27856 | Shoals:4 | Reached skill level 15 in Armour
 28063 | Shoals:4 | Paralysed by an air elemental for 1 turns
 28099 | Shoals:4 | Noticed Kirke
 28119 | Shoals:4 | Killed Kirke
 28375 | Shoals:4 | Found a blossoming altar of Fedhas.
 28752 | Lair:3   | Killed Jackthecabe's ghost
 28759 | Lair:3   | Got the Lectures on Malisons
 28891 | Vaults:1 | Entered Level 1 of the Vaults
 28925 | Vaults:1 | Found Hionif's Antique Weapon Emporium.
 28929 | Vaults:1 | Noticed Asterion
 28972 | Vaults:1 | Killed Asterion
 28989 | Vaults:1 | Reached XP level 19. HP: 126/174 MP: 5/28
 30199 | Vaults:2 | Noticed Sojobo
 30262 | Vaults:2 | Paralysed by a floating eye for 4 turns
 30430 | Vaults:2 | Found Qiupitt's Weapon Shop.
 30490 | Vaults:2 | Reached skill level 1 in Throwing
 30765 | Vaults:2 | Identified the +8 spear of Defiance {speed, rN+}
 30770 | Vaults:2 | Reached skill level 1 in Hexes
 31252 | Vaults:2 | Paralysed by an air elemental for 1 turns
 31267 | Vaults:2 | Killed Sojobo
 32078 | Vaults:3 | Reached XP level 20. HP: 184/184 MP: 22/29
 32092 | Vaults:3 | Found a huge runed gate.
 32092 | Vaults:3 | Found a huge runed gate.
 32092 | Vaults:3 | Found a huge runed gate.
 32092 | Vaults:3 | Found a huge runed gate.
 32099 | Vaults:3 | Found a huge runed gate.
 32099 | Vaults:3 | Found a huge runed gate.
 32099 | Vaults:3 | Found a huge runed gate.
 32099 | Vaults:3 | Found a huge runed gate.
 32107 | Vaults:3 | Found a huge runed gate.
 32107 | Vaults:3 | Found a huge runed gate.
 32107 | Vaults:3 | Found a huge runed gate.
 32112 | Vaults:3 | Found a huge runed gate.
 32113 | Vaults:3 | Found a huge runed gate.
 32114 | Vaults:3 | Found a huge runed gate.
 32124 | Vaults:3 | Found a huge runed gate.
 32125 | Vaults:3 | Found a huge runed gate.
 32126 | Vaults:3 | Found a huge runed gate.
 32127 | Vaults:3 | Found a huge runed gate.
 32128 | Vaults:3 | Found a huge runed gate.
 32136 | Vaults:3 | Found a huge runed gate.
 32136 | Vaults:3 | Found a huge runed gate.
 32136 | Vaults:3 | Found a huge runed gate.
 32136 | Vaults:3 | Found a huge runed gate.
 32136 | Vaults:3 | Found a huge runed gate.
 32136 | Vaults:3 | Found a huge runed gate.
 32137 | Vaults:3 | Found a huge runed gate.
 32138 | Vaults:3 | Found a huge runed gate.
 32139 | Vaults:3 | Found a huge runed gate.
 32147 | Vaults:3 | Found a huge runed gate.
 32147 | Vaults:3 | Found a huge runed gate.
 32147 | Vaults:3 | Found a huge runed gate.
 32147 | Vaults:3 | Found a huge runed gate.
 32147 | Vaults:3 | Found a huge runed gate.
 32147 | Vaults:3 | Found a huge runed gate.
 32147 | Vaults:3 | Found a huge runed gate.
 32148 | Vaults:3 | Found a huge runed gate.
 32291 | Vaults:3 | Reached skill level 5 in Throwing
 32576 | Vaults:3 | Found a staircase to the Crypt.
 34637 | Shoals:2 | Bought a scroll of teleportation for 42 gold pieces
 34637 | Shoals:2 | Bought a potion of invisibility for 112 gold pieces
 34637 | Shoals:2 | Bought a potion of haste for 140 gold pieces
 34965 | Elf:1    | Entered Level 1 of the Elven Halls
 34967 | Elf:1    | Paralysed by an air elemental for 1 turns
 35335 | Elf:1    | Got the Quarto of Left-Handed Magic
 35768 | Elf:2    | Reached XP level 21. HP: 193/193 MP: 24/30
 35942 | Elf:2    | Found a runed translucent gate.
 35943 | Elf:2    | Found a runed translucent gate.
 35943 | Elf:2    | Found a runed translucent gate.
 36287 | Elf:3    | Entered Level 3 of the Elven Halls
 36613 | Elf:3    | Noticed Saint Roka
 36631 | Elf:3    | Killed Saint Roka
 37256 | Elf:3    | Identified the +1 leather armour "Mumerett" {Will+ rCorr
                  | Dex+3}
 37256 | Elf:3    | Identified the ring of the Stained God {Fly rF+ rN+ Int+4}
 37283 | Elf:3    | Identified the staff of air "Basyrr" {+Blink rElec rPois
                  | Will- Dex-5}
 37796 | Elf:3    | Got the Catalogue of Forceful Mustering
 37866 | Elf:3    | Identified the staff of cold "Petaneto" {rC+ Dex+5}
 37868 | Elf:3    | Got the Codex of Underground Resurrection
 38164 | Vaults:2 | Learned a level 2 spell: Sublimation of Blood
 38308 | Crypt:1  | Entered Level 1 of the Crypt
 38769 | Crypt:1  | Reached skill level 1 in Summonings
 39214 | Crypt:1  | Reached skill level 15 in Dodging
 39478 | Crypt:1  | Noticed Boris
 39490 | Crypt:1  | Killed Boris
 39711 | Crypt:1  | Found a runed translucent door.
 39712 | Crypt:1  | Noticed a dread lich
 39727 | Crypt:1  | Killed a dread lich
 39939 | Crypt:2  | Noticed Boris
 39950 | Crypt:2  | Killed Boris
 40087 | Crypt:2  | Identified the staff of death "Rohoan" {rN+ Dex+3}
 40153 | Crypt:2  | Reached XP level 22. HP: 203/203 MP: 3/31
 40499 | Crypt:2  | Reached skill level 10 in Throwing
 40744 | Crypt:3  | Entered Level 3 of the Crypt
 41018 | Crypt:3  | Noticed Zenata
 41046 | Crypt:3  | Killed Zenata
 41884 | Crypt:3  | Noticed a dread lich
 41958 | Crypt:3  | Noticed a dread lich
 41968 | Crypt:3  | Killed a dread lich
 42243 | Crypt:3  | Reached skill level 15 in Maces & Flails
 42742 | Crypt:2  | Killed a dread lich
 43300 | Crypt:3  | Got the Compilation of Necromancy
 43489 | Crypt:3  | Found a staircase to the Tomb.
 43672 | Crypt:3  | Identified the ring "Guiz Lea" {rN+ Dex+3}
 44037 | Crypt:3  | Identified the ring of the Tempest {rN+ Dex+3}
 44330 | Crypt:3  | Identified the +1 shortbow "Ettemo" {drain, Str-2 Int+7}
 44331 | Crypt:3  | Identified the staff of conjuration "Ysin" {rF- rC+ Will+
                  | Int+3}
 44334 | Crypt:3  | Identified the ring "Wosusois" {rElec rPois rC+ Slay-5}
 45127 | Slime:1  | Entered Level 1 of the Pits of Slime
 45289 | Slime:1  | You are sucked into a shaft and drop 1 floor!
 45668 | Slime:1  | Reached XP level 23. HP: 211/211 MP: 20/32
 45870 | Slime:3  | Gained mutation: You occasionally lose the ability to drink
                  | potions when taking damage. [a shining eye]
 46531 | Slime:5  | Entered Level 5 of the Pits of Slime
 46563 | Slime:5  | Noticed the Royal Jelly
 46705 | Slime:5  | Reached skill level 5 in Summonings
 46836 | Slime:5  | Found a viscous altar of Jiyva.
 47181 | Slime:5  | Gained mutation: You are dopey. (Int -2) [a shining eye]
 47272 | Slime:5  | Killed the Royal Jelly
 47336 | Slime:5  | Got the Spellbook of Calorific Glaciation
 47355 | Slime:5  | Identified the +1 robe of Complete Protection {rN+ Str+6}
 47362 | Slime:5  | Got a slimy rune of Zot
 47376 | Slime:5  | Identified the ring "Mivynt" {Contam rElec rC+ Will+ SInv}
 47401 | Slime:5  | Identified the ring "Kury" {rN+++ rCorr Str-5 Int-2 Dex+3}
 47453 | Slime:5  | Identified the +1 kite shield of Gingimn {Drain Str+5}
 47455 | Slime:5  | Identified the +1 dagger of Loijeomn {drain, *Rage rC+
                  | Will+ Str+3 Dex+2}
 47926 | D:12     | Killed Kaesm's ghost
 48101 | D:12     | Upgraded the game from 0.30.0-10-gfe55d96785 to
                  | 0.30.1-11-g7821555f0a
 48286 | Depths:1 | Entered Level 1 of the Depths
 49076 | Depths:1 | Found a gateway to Hell.
 49639 | Depths:2 | Identified the +0 broad axe of the Saviour {antimagic, rC+
                  | Int-5 Dex+2}
 49939 | Depths:2 | Reached XP level 24. HP: 223/223 MP: 23/32
 50395 | Depths:2 | Found a one-way gate leading to the halls of Pandemonium.
 50934 | Depths:3 | Identified the amulet of the Snail {Reflect rF+ Will+ Str+4
                  | Int-5 SH+5}
 51446 | Depths:3 | Found a one-way gateway to a ziggurat.
 51668 | Depths:4 | Entered Level 4 of the Depths
 51725 | Depths:4 | Found a sacrificial altar of Ru.
 51772 | Depths:4 | Reached XP level 25. HP: 231/231 MP: 32/32
 51821 | Depths:4 | Found a gate to the Realm of Zot.
 51853 | Depths:4 | Reached skill level 15 in Throwing
 52534 | Depths:4 | Noticed Frederick
 52551 | Depths:4 | Killed Frederick
 52619 | Depths:4 | Upgraded the game from 0.30.1-11-g7821555f0a to 0.30.2
 52707 | Depths:4 | Noticed a juggernaut
 52719 | Depths:4 | Killed a juggernaut
 52735 | Depths:4 | Noticed Boris
 52752 | Depths:4 | Killed Boris
 52753 | Depths:4 | Reached XP level 26. HP: 238/238 MP: 11/32
 52962 | Zot:1    | Entered Level 1 of the Realm of Zot
 52983 | Zot:1    | Identified the +5 kite shield of Qazlal's Whim {Str+6}
 52984 | Zot:1    | Acquired 986 gold pieces
 53352 | Zot:1    | You are sucked into a shaft and drop 1 floor!
 53486 | Zot:5    | Entered Level 5 of the Realm of Zot
 53543 | Zot:2    | Reached skill level 15 in Necromancy
 53855 | Zot:2    | Noticed Vv
 53889 | Zot:2    | Killed Vv
 54141 | Zot:3    | Acquired the +2 pair of gloves of Tenacity {Str+6 Stlth+}
 54190 | Zot:3    | Identified the +2 ring mail of Makhleb's Supremacy {rN+}
 54246 | Zot:3    | Found a transporter.
 54265 | Zot:3    | Found a transporter.
 54267 | Zot:3    | Found a transporter.
 54305 | Zot:3    | Found a transporter.
 54525 | Zot:3    | Reached skill level 10 in Evocations
 56132 | Zot:5    | Found a bloodstained altar of Trog.
 56132 | Zot:5    | Noticed Alunk's ghost (legendary GnFi)
 56137 | Zot:5    | Found a transporter.
 56138 | Zot:5    | Identified the +0 cloak "Myufuet" {rElec Will- Int+4
                  | Stlth+}
 56138 | Zot:5    | Identified the +1 cloak "Uquh" {+Inv rElec Regen+ Str-2}
 56145 | Zot:5    | Found a transporter.
 56374 | Zot:5    | Noticed an orb of fire
 56403 | Zot:5    | Killed an orb of fire
 56433 | Zot:5    | Reached XP level 27. HP: 246/246 MP: 3/32
 56448 | Zot:5    | Noticed an orb of fire
 56463 | Zot:5    | Killed an orb of fire
 56866 | Zot:5    | Noticed an orb of fire
 56880 | Zot:5    | Killed an orb of fire
 56882 | Zot:5    | Noticed a dread lich
 56907 | Zot:5    | Killed a dread lich
 57049 | Zot:5    | Got the Orb of Zot
 57803 | D:$      | Escaped with the Orb!

Illustrated notes

Levels and vault maps discovered:
D:1:      dreamdust_arrival_beginning_and_end, layout_basic
D:2:      layout_loops_ring, eino_curves_03
D:3:      layout_basic, kiku_gazebo_pond_becter, dancing_weapons_uskayaw
D:4:      layout_loops_corners, mainiacjoe_overflow_catch_the_wave,
          serial_glass, glass_columns_a, glass_columns_a
D:5:      gammafunk_wand_slinger, layout_basic, kennysheep_generic_room_8
D:6:      minmay_razor_zed, layout_loops_ring,
          mainiacjoe_overflow_catwalk_spiral, enter_ossuary_1,
          portal_sewer_entry_a, minmay_microvault
D:7:      layout_rooms, elyvilon_altar_4, minmay_temple_entry_grid
D:8:      cheibrodos_statue_roulette, layout_cave_pools,
          mainiacjoe_overflow_chevrons, serial_glass, glass_columns_c,
          glass_columns_a, uniq_pikel
D:9:      hangedman_cross_stitches, layout_long_grid,
          fedhas_bush_and_centaur_altar, nicolae_concentric_dashed_squares_wild
D:10:     layout_long_grid, gammafunk_ghost_hive, minmay_misc_feat_x,
          uniq_amaemon, uniq_erica
D:11:     layout_basic, erik_lair_orcish_takeover, serial_shops, shop
D:12:     layout_gridville, orc_0_dummy, gammafunk_ghost_abyssal_escape
D:13:     layout_irregular_city, david_vaults_3
D:14:     layout_loops_cross, dreamdust_wishing_well, uniq_nessos
D:15:     grunt_enter_depths_snipers, layout_loops_ring,
          trog_three_pillars_becter
Lair:1:   layout_chaotic_city, enter_volcano_4, beast_lair_carwin_10,
          grunt_megastairs_1, lemuel_fruit_tree, uniq_joseph, uniq_harold
Lair:2:   layout_cave_pods, minmay_shattered_shrine
Lair:3:   layout_chaotic_city, elwin_shoals_entry_rooms,
          minmay_snake_entry_guardpost_small, portal_ice_cave_entry_pillars_1,
          ebering_ghost_reflecting_pool, chequers_serial_rivers_micro_d,
          grunt_forest_large_clearings, infiniplex_staircase_pool
Lair:4:   layout_cave_shapes, beast_lair_carwin_3
Lair:5:   minmay_lair_end_enchanted_forest, layout_regular_city,
          minmay_slime_entry_pillars, nicolae_lair_run_with_the_wolves,
          grunt_megastairs_2
Shoals:1: layout_shoals, uniq_josephine
Shoals:2: cheibrodos_shoals_oceanic_diplomacy, layout_shoals,
          nicolae_island_escapes
Shoals:3: layout_shoals, serial_shops, nicolae_shop_crystal
Shoals:4: shoals_end_hellmonk_storm_palace [storm_palace_center_circular,
          storm_palace_corner_altar, storm_palace_corner_grid,
          storm_palace_corner_blocked, storm_palace_corner_pillars], uniq_kirke
Snake:1:  layout_basic, uniq_agnes
Snake:2:  layout_honeycomb
Snake:3:  gammafunk_sealed_library, layout_onion_interference, uniq_vashnia,
          uniq_mara, uniq_bai_suzhen
Snake:4:  grunt_snake_rune_spirals, layout_onion, st_stairs_5, drop_trap,
          grunt_ministairs_7
Slime:1:  layout_caves
Slime:2:  layout_caves, nicolae_slime_phagocytosis
Slime:3:  layout_caves
Slime:4:  layout_caves
Slime:5
Orc:1:    layout_caves, serial_shops, nicolae_shop_tiny_glass, shop, shop,
          kennysheep_orc_chapel, uniq_fannar, uniq_jorgrun
Orc:2:    grunt_orc_tribal_feast, layout_caves, serial_shops, shop,
          uniq_maurice, uniq_rupert, uniq_donald
Elf:1:    eino_elf_arrival_the_gate, layout_loops_cross, minmay_elf_necromancy,
          dk_noncrumbling_4
Elf:2:    nicolae_elf_blades_crystal_corner, layout_geoelf_diagonals,
          kennysheep_underground_church
Elf:3:    elf_hall_gauntlet_narrow, layout_geoelf_castle, serial_glass,
          glass_columns_a, glass_columns_b, grunt_ministairs_1, uniq_saint_roka
Vaults:1: vaults_room_corners, vaults_room_fancy_cross, vaults_mumra_lcd,
          nicolae_vaults_network_barrier, ontoclasm_vaults_fault,
          nicolae_vaults_double_plus_2, nicolae_vaults_wine_cellar,
          layout_vaults_quadrants, serial_shops, shop, uniq_asterion
Vaults:2: v_rooms_1, grunt_vaults_bifocal, vaults_room_pool, vaults_room_boxed,
          nicolae_vaults_back_hallway, v_misc_5,
          nicolae_vaults_storage_closets_2, v_misc_8,
          nicolae_vaults_tetromino_L_1, v_misc_30,
          nicolae_vaults_shipping_containers_4, ontoclasm_vaults_loading_screen,
          nicolae_vaults_doubleplus_tesselated, layout_vaults_omnicross,
          serial_shops, shop, uniq_sojobo
Vaults:3: door_vault, nicolae_vaults_circle_grid_a,
          nicolae_vaults_double_plus_1, ontoclasm_vaults_twist, v_misc_30,
          v_rooms_4, v_misc_24, nicolae_vaults_hallways_thing, serial_ice_b,
          nicolae_vaults_little_squares_4, nicolae_vaults_closet_pinwheel_4,
          vaults_room_grunt_arrival_checkpoint,
          minmay_crypt_entry_skeletal_spiral, layout_vaults_omnibox
Vaults:4: vaults_room_fours, nicolae_vaults_octothorpe,
          nicolae_vaults_three_branches, nicolae_vaults_tetromino_T_2,
          nicolae_vaults_little_squares_4, nicolae_vaults_mini_display_case,
          nicolae_vaults_border_crossing, layout_vaults_chaotic_city
Crypt:1:  cheibrodos_crypt_cold_storage, layout_gridlike, uniq_boris
Crypt:2:  layout_basic
Crypt:3:  david_glass_crypt, layout_rooms,
          nicolae_tomb_entry_unfolded_pyramid_diagonal, special_room
          [special_room_morgue], hex_large, uniq_zenata
Depths:1: nicolae_hitomezashi [nicolae_hito_row, nicolae_hito_row,
          nicolae_hito_row, nicolae_hito_row, nicolae_hito_row,
          nicolae_hito_row, nicolae_hito_row, nicolae_hito_row,
          nicolae_hito_row, nicolae_hito_row, nicolae_hito_row,
          nicolae_hito_row, nicolae_hito_row, nicolae_hito_row,
          nicolae_hito_row, nicolae_hito_row, nicolae_hito_row,
          nicolae_hito_row], layout_basic, serial_corexii_hall,
          corexii_hall_statues_i, corexii_hall_statues_i, hell_entry,
          kennysheep_potato
Depths:2: minmay_triangles_in_corner, layout_cross, rand_demon_pan_entry_1,
          hellmouth_3
Depths:3: minmay_the_grid_square_5x5_5x5 [minmay_the_grid_square_5x5_two_small,
          minmay_the_grid_square_5x5_two_walls_b,
          minmay_the_grid_square_5x5_minimal,
          minmay_the_grid_square_5x5_pentomino_r,
          minmay_the_grid_square_5x5_eight_small,
          minmay_the_grid_square_5x5_slash,
          minmay_the_grid_square_5x5_prize_gold,
          minmay_the_grid_square_5x5_dogpile,
          minmay_the_grid_square_5x5_prize_open,
          minmay_the_grid_square_5x5_spiral,
          minmay_the_grid_square_5x5_tetrominoes,
          minmay_the_grid_square_5x5_bridge,
          minmay_the_grid_square_5x5_prize_pseudospiral,
          minmay_the_grid_square_5x5_c, minmay_the_grid_square_5x5_broken_cross,
          minmay_the_grid_square_5x5_sharp_hourglass,
          minmay_the_grid_square_5x5_prize_waves,
          minmay_the_grid_square_5x5_percent,
          minmay_the_grid_square_5x5_prize_deathbox,
          minmay_the_grid_square_5x5_plus, minmay_the_grid_square_5x5_gyroscope,
          minmay_the_grid_square_5x5_six_small,
          minmay_the_grid_square_5x5_three, minmay_the_grid_square_5x5_moneybag,
          minmay_the_grid_square_5x5_mess], layout_gridlike, enter_ziggurat_f,
          abyss_entry, hell_entry, hangedman_decor_peaks_small
Depths:4: lemuel_castle_with_subvaults [lemuel_castle_interior_original],
          layout_gridlike, nicolae_ru_path_of_blood, hell_entry, uniq_frederick
Zot:1:    layout_twisted_circle, hangedman_player_shredder
Zot:2:    layout_concentric_octagons, uniq_josephina, uniq_vv
Zot:3:    grunt_deathspiral_small, layout_onion_interference,
          nicolae_diode_intersection
Zot:4:    layout_gridlike
Zot:5:    layout_misc_corridors, gammafunk_ghost_wrathful_warriors

Skill      XL: |  1  2  3  4  5  6  7  8  9 10 11 12 13 14 15 16 17 18 19 20 21 22 23 24 25 26 27 |
---------------+----------------------------------------------------------------------------------+-----
Necromancy     | 3 5 6 7 8 9 11 12 13 14 16 | 16.8
Fighting       | 1 2 3 4 7 8 9 10 11 12 14 15 16 17 18 19 | 19.9
Maces & Flails | 1 3 5 6 10 11 12 13 16 | 16.0
Dodging        | 6 8 9 10 11 12 13 14 15 16 18 19 | 19.9
Shields        | 5 6 7 8 10 12 14 16 17 18 19 | 19.9
Armour         | 2 4 5 8 11 13 15 17 18 19 | 19.9
Stealth        | 2 4 5 7 8 |  8.0
Spellcasting   | 3 5 6 7 |  7.0
Earth Magic    | 3 5 |  5.0
Evocations     | 4 6 8 11 13 | 13.2
Transmutations | 3 4 |  4.0
Throwing       | 4 7 9 11 12 14 15 18 19 | 19.0
Hexes          | 2 3 4 |  4.0
Summonings     | 1 4 6 |  6.0

Action                     |  1- 3 |  4- 6 |  7- 9 | 10-12 | 13-15 | 16-18 | 19-21 | 22-24 | 25-27 || total
---------------------------+-------+-------+-------+-------+-------+-------+-------+-------+-------++-------
  Melee: Unarmed           |    25 |       |       |       |       |       |       |       |       ||    25
         Headbutt          |    12 |    29 |    79 |   190 |   202 |   221 |   415 |   470 |   313 ||  1931
         Dagger            |    27 |       |       |       |       |       |       |       |       ||    27
         Whip              |    21 |   141 |   266 |    17 |       |       |   142 |       |       ||   587
         Flail             |       |       |    13 |   212 |       |       |       |       |       ||   225
         Demon whip        |       |       |       |   474 |   888 |   759 |  1024 |   749 |   902 ||  4796
         Morningstar       |       |       |       |       |       |       |   163 |    36 |       ||   199
         Staff             |       |       |       |       |       |       |     6 |    25 |     1 ||    32
         Eveningstar       |       |       |       |       |       |       |       |   441 |     4 ||   445
  Throw: Dart              |       |       |     5 |     2 |     1 |       |       |       |       ||     8
         Throwing net      |       |       |       |     1 |       |       |       |       |       ||     1
         Boomerang         |       |       |       |       |     2 |     1 |    24 |    43 |     8 ||    78
         Javelin           |       |       |       |       |       |       |       |     4 |       ||     4
   Cast: Necrotise         |    40 |    19 |    46 |     5 |     4 |       |       |       |       ||   114
         Animate Dead      |       |       |     4 |    15 |    19 |    15 |     7 |    10 |    11 ||    81
         Dispel Undead     |       |       |       |     3 |     5 |     4 |   126 |   161 |    12 ||   311
         Borgnjor's Vile C |       |       |       |       |    41 |    24 |    35 |    42 |    27 ||   169
         Death Channel     |       |       |       |       |    16 |    53 |    56 |    42 |    42 ||   209
         Anguish           |       |       |       |       |       |    16 |    27 |    11 |    25 ||    79
         Wereblood         |       |       |       |       |       |     5 |    13 |     8 |     6 ||    32
         Sublimation of Bl |       |       |       |       |       |       |    20 |    43 |       ||    63
         Vampiric Draining |       |       |       |       |       |       |       |     2 |       ||     2
 Invoke: Unearth Wretches  |       |       |       |     3 |     4 |    21 |     8 |     4 |    13 ||    53
         Brand Weapon With |       |       |       |       |     1 |       |       |       |       ||     1
  Evoke: Wand              |       |       |     3 |    15 |    13 |     5 |    12 |     1 |     9 ||    58
         Phial of floods   |       |       |       |       |     1 |       |     1 |       |       ||     2
         Box of beasts     |       |       |       |       |       |     1 |       |       |     3 ||     4
         Lightning rod     |       |       |       |       |       |       |       |     3 |       ||     3
         Phantom mirror    |       |       |       |       |       |       |       |     1 |       ||     1
         Tin of tremorston |       |       |       |       |       |       |       |       |     1 ||     1
    Use: Scroll            |       |     6 |    10 |    10 |    16 |     7 |     2 |     9 |    13 ||    73
         Potion            |       |       |     2 |     3 |     3 |       |     2 |     2 |     5 ||    17
   Stab: Sleeping          |     3 |     5 |    11 |     8 |     7 |     7 |    16 |       |    10 ||    67
         Invisible         |       |       |     3 |     2 |       |       |       |       |    10 ||    15
         Distracted        |       |       |     1 |     4 |    14 |    24 |    25 |    23 |    24 ||   115
         Paralysed         |       |       |       |     5 |     4 |    14 |     3 |     1 |     9 ||    36
         Held in net/web   |       |       |       |     1 |       |       |       |       |       ||     1
 Armour: Robe              |    14 |    18 |    29 |    99 |   104 |       |       |       |       ||   264
         Acid dragon scale |       |       |       |       |     4 |   110 |   212 |   218 |   155 ||   699
  Dodge: Dodged            |    52 |    64 |    97 |   395 |   385 |   210 |   382 |   456 |   388 ||  2429
  Block: Buckler           |       |    12 |    40 |    85 |       |       |       |       |       ||   137
         Kite shield       |       |       |       |   181 |   582 |   147 |       |       |   533 ||  1443
         Reflection        |       |       |       |     6 |    23 |    96 |    93 |    19 |     8 ||   245
         Tower shield      |       |       |       |       |       |   625 |  1298 |  1320 |   200 ||  3443
